 Dungeon Crawl Stone Soup version 0.22.0-60-ga52c2fc (webtiles) character file.

337198 vatarom the Harbinger of Death (level 21, -3/166 HPs)
             Began as a Gnoll Skald on Sept 8, 2018.
             Was a High Priest of Yredelemnul.
             Slain by a spark wasp (11 damage)
             ... on level 4 of the Depths on Sept 9, 2018.
             The game lasted 02:18:02 (56879 turns).

vatarom the Harbinger of Death (Gnoll Skald)       Turns: 56879, Time: 02:18:03

Health: -3/166     AC: 31    Str: 20    XL:     21   Next: 91%
Magic:  0/39       EV: 25    Int: 15    God:    Yredelemnul [*****.]
Gold:   2265       SH:  5    Dex: 26    Spells: 15/49 levels left

rFire    + + +     SeeInvis +   S - +4 bardiche (protect)
rCold    . . .     Gourm    .   (shield currently unavailable)
rNeg     + . .     Faith    .   E - +11 fire dragon scales of the Quahog {rF++ rC- Dex+2}
rPois    .         Spirit   +   Y - +2 hat of the Bear Spirit {Spirit, +Rage rN+ MR++}
rElec    .         Reflect  +   g - scarf {rC+ rF+}
rCorr    .         Harm     .   c - +2 pair of gloves
MR       +++++                  (no boots)
Stlth    +++++.....             y - +5 amulet of reflection
HPRegen  0.37/turn              i - ring of see invisible
MPRegen  0.26/turn              P - ring "Suworeh" {MR+++ Dex+5 Slay+3}

@: about to teleport
A: distributed training, fangs 1, repulsion field 1, icy blue scales 1, blurry
vision 1, strong nose
}: 2/15 runes: decaying, gossamer
a: Recall Undead Slaves, Injury Mirror, Animate Dead, Drain Life, Enslave Soul,
Renounce Religion, Evoke Berserk Rage


You were on level 4 of the Depths.
You worshipped Yredelemnul.
Yredelemnul was extremely pleased with you.
You were not hungry.

You visited 8 branches of the dungeon, and saw 40 of its levels.
You visited the Abyss 1 time.
You also visited: Ossuary, Ice Cave and Wizlab.

You collected 4353 gold pieces.
You spent 2088 gold pieces at shops.

Inventory:

Hand Weapons
 n - a +0 blowgun
 I - a +4 double sword of slicing
 S - a +4 bardiche of protection (weapon)
Missiles
 b - 2 curare-tipped needles
 M - a throwing net (quivered) {!f}
Armour
 c - a +2 pair of gloves (worn)
 f - a +2 cloak of invisibility
 g - a scarf of resistance (worn)
 m - a +3 buckler
 E - the +11 fire dragon scales of the Quahog (worn) {rF++ rC- Dex+2}
   (You found it on level 2 of the Lair of Beasts)

   It affects your dexterity (+2).
   It greatly protects you from fire.
   It makes you vulnerable to cold.
 Y - the +2 hat of the Bear Spirit (worn) {Spirit, +Rage rN+ MR++}
   (You bought it in a shop on level 7 of the Dungeon)

   It protects you from negative energy.
   It affects your resistance to hostile enchantments.
   It lets you go berserk.
Jewellery
 i - a ring of see invisible (left hand)
 o - an uncursed ring of poison resistance
 y - a +5 amulet of reflection (around neck)
 P - the ring "Suworeh" (right hand) {MR+++ Dex+5 Slay+3}
   (You bought it in a shop on level 14 of the Dungeon)

   [ring of dexterity]

   It affects your dexterity (+5).
   It affects your accuracy and damage with ranged weapons and melee attacks
   (+3).
   It affects your resistance to hostile enchantments.
Wands
 r - a wand of paralysis (13)
 z - a wand of flame (16)
 B - a wand of enslavement (19)
 C - a wand of iceblast (35) {@v4}
 J - a wand of disintegration (24)
 N - a wand of digging (35) {@v1}
 R - a wand of acid (22) {@v2}
 V - a wand of random effects (32)
 Z - a wand of polymorph (15)
Scrolls
 a - 17 scrolls of teleportation {@r3}
 e - 11 scrolls of remove curse {@r2}
 h - 11 scrolls of amnesia
 j - 6 scrolls of magic mapping
 l - a scroll of enchant weapon
 q - 5 scrolls of fog
 u - 2 scrolls of enchant armour
 v - 2 scrolls of identify {@r1}
 A - 2 scrolls of blinking {@r4}
 K - 3 scrolls of fear
 T - 3 scrolls of silence
 X - a scroll of vulnerability
Potions
 k - 7 potions of resistance
 p - 2 potions of brilliance {@q6}
 s - a potion of magic
 w - 2 potions of flight
 x - 10 potions of curing {@q1}
 D - 5 potions of haste {@q3}
 F - 2 potions of might {@q4}
 G - 2 potions of cancellation
 H - 5 potions of ambrosia
 L - 6 potions of lignification
 O - 3 potions of berserk rage
 U - 3 potions of invisibility
 W - 3 potions of agility {@q5}
Comestibles
 d - 15 rations {@e1}


   Skills:
 + Level 14.6 Fighting
 + Level 14.0 Short Blades
 + Level 14.0 Long Blades
 + Level 14.0 Axes
 + Level 14.0 Maces & Flails
 + Level 14.6 Polearms
 + Level 14.0 Staves
 + Level 14.0 Slings
 + Level 14.0 Bows
 + Level 14.0 Crossbows
 + Level 14.0 Throwing
 + Level 14.2 Armour
 + Level 14.6 Dodging
 + Level 14.0 Stealth
 + Level 14.0 Shields
 + Level 14.0 Unarmed Combat
 + Level 14.7 Spellcasting
 + Level 12.1 Conjurations
 + Level 12.1 Hexes
 + Level 13.1 Charms
 + Level 12.1 Summonings
 + Level 12.1 Necromancy
 + Level 12.1 Translocations
 + Level 12.1 Transmutations
 + Level 12.1 Fire Magic
 + Level 12.1 Ice Magic
 + Level 12.1 Air Magic
 + Level 12.1 Earth Magic
 + Level 12.1 Poison Magic
 + Level 15.1 Invocations
 + Level 14.0 Evocations


You had 15 spell levels left.
You knew the following spells:

 Your Spells              Type           Power        Failure   Level  Hunger
a - Infusion              Chrm           ####         1%          1    None
b - Shroud of Golubria    Chrm/Tloc      #####.....   1%          2    None
c - Magic Dart            Conj           ####         1%          1    None
d - Confuse               Hex            #####...     1%          3    None
e - Tukima's Dance        Hex            #####...     1%          3    None
f - Summon Mana Viper     Hex/Summ       #####...     3%          5    ####...
g - Summon Forest         Summ/Tloc      #####.....   3%          5    ####...
h - Freezing Cloud        Conj/Ice/Air   #####.....   16%         6    ######.
r - Regeneration          Chrm/Necr      #####.....   1%          3    None
s - Song of Slaying       Chrm           ######..     1%          2    None
w - Spectral Weapon       Hex/Chrm       #####...     1%          3    None

Your spell library contained the following spells:

 Spells                   Type           Power        Failure   Level  Hunger
 Animate Skeleton         Necr           N/A          1%          1    None
 Apportation              Tloc           #####.       1%          1    None
 Confusing Touch          Hex            #####.       1%          1    None
 Corona                   Hex            #####..      1%          1    None
 Flame Tongue             Conj/Fire      #####        1%          1    None
 Sandblast                Erth           #####.       1%          1    None
 Summon Butterflies       Summ           #####...     1%          1    None
 Summon Small Mammal      Summ           ####         1%          1    None
 Ensorcelled Hibernation  Hex/Ice        #####.       1%          2    None
 Passwall                 Tmut/Erth      #####...     1%          2    None
 Slow                     Hex            #####...     1%          2    None
 Sublimation of Blood     Necr           #####.....   1%          2    None
 Call Canine Familiar     Summ           #####...     1%          3    None
 Dazzling Spray           Conj/Hex       #####.       1%          3    None
 Gell's Gravitas          Tloc           #####.....   1%          3    None
 Ignite Poison            Fire/Tmut/Pois #####...     1%          3    None
 Inner Flame              Hex/Fire       #####...     1%          3    None
 Lesser Beckoning         Tloc           #####.....   1%          3    None
 Mephitic Cloud           Conj/Pois/Air  #####...     1%          3    None
 Portal Projectile        Hex/Tloc       #####.       1%          3    None
 Recall                   Summ/Tloc      N/A          1%          3    None
 Static Discharge         Conj/Air       #####...     1%          3    None
 Stone Arrow              Conj/Erth      #####.       1%          3    None
 Airstrike                Air            #####.....   1%          4    ##.....
 Cause Fear               Hex            #####.....   1%          4    ##.....
 Force Lance              Conj/Tloc      #####...     1%          4    ##.....
 Leda's Liquefaction      Hex/Erth       #####.....   1%          4    ##.....
 Petrify                  Tmut/Erth      #####...     1%          4    ##.....
 Summon Ice Beast         Ice/Summ       #####...     1%          4    ##.....
 Summon Lightning Spire   Summ/Air       #####...     1%          4    ##.....
 Iskenderun's Battlesphe  Conj/Chrm      #####...     2%          5    ####...
 Alistair's Intoxication  Tmut/Pois      #####...     3%          5    ####...
 Aura of Abjuration       Summ           #####.....   3%          5    ####...
 Bolt of Magma            Conj/Fire/Erth #####.....   3%          5    ####...
 Fireball                 Conj/Fire      #####.....   3%          5    ####...
 Irradiate                Conj/Tmut      #####.....   3%          5    ####...
 Lee's Rapid Deconstruct  Erth           #####.....   3%          5    ####...
 Lightning Bolt           Conj/Air       #####.....   3%          5    ####...
 Silence                  Hex/Air        #####.....   3%          5    ####...
 Summon Demon             Summ           #####.....   3%          5    ####...
 Venom Bolt               Conj/Pois      #####.....   3%          5    ####...
 Yara's Violent Unravell  Hex/Tmut       #####.....   3%          5    ####...
 Deflect Missiles         Chrm/Air       #####.....   13%         6    ######.
 Bolt of Fire             Conj/Fire      #####.....   16%         6    ######.
 Hydra Form               Tmut           #####.....   16%         6    ######.
 Invisibility             Hex            #####...     16%         6    ######.
 Iron Shot                Conj/Erth      #####.....   16%         6    ######.
 Shadow Creatures         Summ           N/A          16%         6    ######.
 Statue Form              Tmut/Erth      #####....    16%         6    ######.
 Ring of Flames           Chrm/Fire      #####.....   58%         7    #######
 Dragon Form              Tmut           #####.....   65%         7    #######
 Haunt                    Necr/Summ      #####.....   65%         7    #######
 Orb of Destruction       Conj           #####.....   65%         7    #######
 Spellforged Servitor     Conj/Summ      #####.....   65%         7    #######
 Summon Hydra             Summ           #####.....   65%         7    #######
 Death's Door             Chrm/Necr      #####.....   99%         8    #######
 Borgnjor's Revivificati  Necr           #####.....   100%        8    #######
 Discord                  Hex            #####.....   100%        8    #######
 Ignition                 Fire           #####.....   100%        8    #######
 Infestation              Necr           #####.....   100%        8    #######
 Necromutation            Tmut/Necr      #####.....   100%        8    #######
 Shatter                  Erth           #####.....   100%        9    #######
 Tornado                  Air            #####.....   100%        9    #######


Dungeon Overview and Level Annotations

Branches:
Dungeon (15/15)            Temple (1/1) D:6            Lair (6/6) D:10
  Swamp (4/4) Lair:4       Spider (4/4) Lair:4        Slime (0/5) Lair:6
    Orc (2/2) D:10            Elf (0/3) Orc:2        Vaults (4/5) D:14
  Crypt (0/3) Vaults:2     Depths (4/5) D:15

Altars:
Ashenzari
Cheibriados
Dithmenos
Elyvilon
Fedhas
Gozag
Hepliaklqana
Kikubaaqudgha
Makhleb
Nemelex Xobeh
Okawaru
Qazlal
Ru
Sif Muna
Trog
Uskayaw
Vehumet
Wu Jian
Xom
Yredelemnul
Zin
The Shining One
Beogh
Jiyva
Lugonu

Shops:
D:7 [   D:8 *   D:12 }   D:14 =   D:15 ?   Orc:2 (:?(   Depths:1 :

Portals:
Hell: Depths:1 Depths:2 Depths:3
Abyss: Depths:2
Pandemonium: Depths:1 Depths:2 Depths:3
Ziggurat: Depths:2

Annotations:
D:4 1 runed door, Ghost6211's ghost, amateur SpEn
D:8 2 transporters, Harold; poirepourri's ghost, novice DDFi
Lair:2 exclusion: 4 oklob plants
Depths:1 exclusion: orange crystal statue
Depths:2 Zgarb's ghost, veteran HuSk
Depths:3 6 runed doors


Innate Abilities, Weirdness & Mutations

Your experience applies equally to all skills.
You have very sharp teeth.
Your uncanny sense of smell can sniff out nearby items.
You are surrounded by a mild repulsion field. (EV +2)
You are partially covered in icy blue scales. (AC +2)
Scrolls take you a little longer to read.


Message History

The jumping spider closely misses you.
The spriggan berserker hits you with a broad axe!!
* * * LOW HITPOINT WARNING * * *
The spark wasp stings you but does no damage.
As you read the scroll of teleportation {@r3}, it crumbles to dust.
You feel strangely unstable.
The jumping spider leaps!
The spark wasp stings you but does no damage.
The jumping spider leaps!
The spriggan berserker misses you.
The spark wasp stings you but does no damage.
You hear a bellow!
The jumping spider leaps!
You block the spark wasp's attack.
The spriggan berserker closely misses you.
The spriggan berserker hits you with a broad axe.
* * * LOW HITPOINT WARNING * * *
The spark wasp stings you!
* * * LOW HITPOINT WARNING * * *
The spark wasp shocks you!
You die...
Your body rises from the dead as a mindless zombie.

≈≈≈≈ ≈≈≈.#
...#######
#.......#
#.......+ .#
#.......# ..#
#.......# ..#
+......)# ..#
#@..§..)##+.#
#iy...))....#
#......)....#
#ysD........#
#...........######
#.................
##.C..c...Z..[....
#..........VZ....
?∆
###....####'###+#


You could see a golden dragon, a frost giant, a yaktaur captain, 2 spark wasps,
a spriggan berserker (berserk) and a jumping spider.

Vanquished Creatures
  2 juggernauts (Depths:3)
  A caustic shrike (Depths:3)
  A golden dragon (Depths:3)
  2 tentacled monstrosities (Depths:3)
  A titan (Vaults:4)
  2 thorn hunters
  4 tengu reavers
  4 frost giants (Depths:3)
  5 fire giants
  A deep elf sorcerer (Vaults:4)
  3 vault wardens
  A balrug (Depths:2)
  A ghost moth (Spider:4)
  4 ironheart preservers
  4 very ugly things
  4 stone giants
  A red draconian (Abyss:3)
  A spark wasp (Depths:3)
  Nessos (Lair:5)
  2 vampire knights (Depths:3)
  2 deep elf annihilators
  4 ettins
  4 death oozes (Depths:2)
  3 ogre magi
  5 fire dragons
  2 rakshasas (Depths:3)
  6 hydras
  6 yaktaur captains
  10 great orbs of eyes
  A vault guard (D:14)
  3 ice dragons
  5 spriggan air magi
  5 centaur warriors
  2 death knights
  2 deep troll shamans (Depths:3)
  2 alligators
  2 death yaks (Lair:6)
  14 two-headed ogres
  5 tengu warriors
  2 spriggan berserkers
  5 hell knights
  6 deep elf knights
  2 deep troll earth magi
  3 soul eaters
  A skeletal warrior (D:13)
  An iron troll (Depths:1)
  2 spriggan druids
  3 unseen horrors
  A swamp dragon (shapeshifter) (Vaults:3)
  2 glowing orange brains
  A sea snake (shapeshifter) (Vaults:1)
  2 deep trolls
  4 swamp dragons
  A shambling mangrove (Swamp:1)
  2 wizards
  An ironbrand convoker (Vaults:2)
  Pikel (D:5)
  2 necromancers
  A deep elf archer (Vaults:1)
  3 orc knights
  4 harpies (Vaults:4)
  3 orb spiders
  4 deep elf magi
  A salamander (shapeshifter) (Vaults:2)
  12 wolf spiders
  35 ugly things
  A salamander (Depths:2)
  A cyclops (Orc:2)
  5 elephants
  4 centaur zombies
  A rust devil (Depths:2)
  5 black mambas (Lair:6)
  A guardian serpent (Lair:6)
  11 spiny frogs
  2 vault sentinels (Vaults:3)
  6 ice devils
  18 yaktaurs
  A rime drake (Orc:2)
  2 komodo dragons
  5 freezing wraiths
  2 demonic crawlers
  2 tengu conjurers (Depths:2)
  3 polar bears (Lair:6)
  8 trolls
  A queen bee (Lair:2)
  10 hornets
  3 tyrant leeches (Swamp:2)
  5 jumping spiders
  A polar bear (shapeshifter) (Vaults:4)
  27 slime creatures
  A blink frog (shapeshifter) (Vaults:1)
  2 fire giant simulacra
  5 bog bodies
  3 hippogriffs
  A flying skull (Lair:6)
  27 redbacks
  2 vampires
  Sigmund (D:5)
  2 shadows
  A spriggan (shapeshifter) (Depths:3)
  4 spriggans
  A human (D:6)
  A hog (D:15)
  5 small abominations
  A fire bat (shapeshifter) (Depths:3)
  9 wyverns
  2 wraiths
  9 tarantellas
  16 yaks
  A human (shapeshifter) (D:13)
  A golden eye (shapeshifter) (Vaults:4)
  6 basilisks
  9 vampire mosquitoes
  4 hungry ghosts
  5 wargs
  Menkaure (D:6)
  8 swamp worms
  A soldier ant (shapeshifter) (D:13)
  4 insubstantial wisps (Swamp:2)
  A soldier ant (D:10)
  Duvessa (D:6)
  2 acid dragons
  7 hell hounds (Lair:6)
  9 water moccasins
  A floating eye (Depths:3)
  A porcupine (Lair:3)
  5 swamp drakes
  8 orc warriors
  5 sky beasts
  3 necrophages
  An eye of draining (shapeshifter) (Depths:2)
  4 ice beasts
  2 black bears (Lair:6)
  24 ogres
  10 wolves
  A phantom (D:4)
  9 boggarts
  14 centaurs
  8 crocodiles
  2 big kobolds (D:9)
  14 bullfrogs
  Dowan (D:6)
  A wyvern skeleton (D:7)
  2 yak zombies
  4 scorpions
  16 killer bees (Lair:2)
  4 wights (D:12)
  2 howler monkeys
  A wolf zombie (Lair:6)
  6 crimson imps
  A quasit (Depths:1)
  2 bullfrog zombies
  4 bullfrog skeletons
  2 hounds
  6 jellies
  8 orc priests
  4 centaur skeletons
  2 human zombies
  2 human skeletons
  3 iguanas
  10 orc wizards
  2 hell rats (Lair:6)
  13 worker ants
  A killer bee zombie (D:6)
  A hound zombie (D:7)
  3 mummies (Ossuary)
  A worker ant zombie (D:5)
  A howler monkey zombie (D:6)
  10 gnolls
  16 adders
  3 shadow imps
  A white imp (Depths:1)
  5 oozes
  2 adder skeletons
  5 adder zombies
  5 worms
  A dart slug (D:1)
  7 leopard geckos
  49 orcs
  An orc (shapeshifter) (Vaults:4)
  3 giant cockroaches
  5 goblins
  6 hobgoblins
  12 jackals
  2 quokkas
  4 ball pythons
  3 bats (D:1)
  5 frilled lizards
  5 goblin zombies
  2 hobgoblin zombies (Ossuary)
  32 kobolds
  A kobold skeleton (D:6)
  2 kobold zombies (Ossuary)
  A leopard gecko zombie (D:5)
  3 quokka zombies (Ossuary)
  2 rats
  5 rat zombies
  A plant (Lair:6)
925 creatures vanquished.

Vanquished Creatures (collateral kills)
  A juggernaut (Depths:3)
  Margery (Vaults:4)
  A caustic shrike (Depths:3)
  2 golden dragons (Depths:3)
  2 tentacled monstrosities
  Rupert (Orc:2)
  Asterion (Depths:1)
  A titan (Depths:3)
  2 sphinxes
  2 tengu reavers
  An acid blob (Lair:6)
  Kirke (D:15)
  2 thorn hunters
  8 frost giants
  3 fire giants
  4 deep elf sorcerers
  3 ghost moths
  An iron dragon (Depths:3)
  4 emperor scorpions (Spider:4)
  5 vault wardens
  A ghoul (Swamp:3)
  3 ironheart preservers
  7 very ugly things
  The ghost of bloodycherry the Severer, a journeyman DDFi of Makhleb (Lair:6)
  2 spriggan defenders (Depths:3)
  An entropy weaver (Vaults:4)
  6 stone giants
  5 spark wasps
  3 ettins
  2 death oozes (Depths:2)
  A fire dragon (Depths:1)
  4 yaktaur captains
  2 great orbs of eyes
  23 hydras
  5 ice dragons
  2 spriggan air magi (Depths:3)
  7 centaur warriors
  A ghost crab (Swamp:4)
  A death knight (Vaults:4)
  7 alligators
  3 deep troll shamans
  A tengu warrior (Depths:3)
  2 deep troll earth magi
  2 spriggan berserkers
  A death yak (Lair:6)
  7 ogre magi
  20 two-headed ogres
  Urug (Lair:4)
  Sonja (Lair:2)
  13 hell knights
  6 deep elf knights
  An iron troll (Depths:1)
  3 shadow wraiths
  6 skeletal warriors
  9 deep trolls
  A death drake (shapeshifter) (Depths:1)
  2 spriggan druids (Swamp:4)
  4 unseen horrors
  11 swamp dragons
  3 deep elf archers
  A sea snake (shapeshifter) (Depths:3)
  5 ironbrand convokers
  4 wizards
  4 necromancers
  4 glowing orange brains
  An orange crystal statue (Depths:1)
  A flayed ghost (Depths:1)
  5 orc knights
  2 phantasmal warriors (Vaults:4)
  2 shambling mangroves
  16 wolf spiders
  8 deep elf magi
  A stone giant zombie (Vaults:2)
  2 cyclopes
  3 orb spiders
  26 ugly things
  An orc sorcerer (Orc:2)
  13 elephants
  32 slime creatures
  2 moths of wrath
  3 centaur zombies
  5 black mambas (Lair:6)
  A black mamba (shapeshifter) (Vaults:2)
  Joseph (D:8)
  A rust devil (Depths:2)
  A torpor snail (Spider:3)
  3 gargoyles
  9 spiny frogs
  7 vault sentinels
  A centaur skeleton (D:14)
  2 human zombies (Vaults:2)
  An ice devil (Depths:1)
  3 rime drakes
  4 freezing wraiths
  An efreet (D:14)
  A tormentor (Depths:1)
  38 yaktaurs
  A red devil (Depths:1)
  3 tengu conjurers
  7 demonic crawlers
  A jumping spider (shapeshifter) (Depths:3)
  A meliai (shapeshifter) (Depths:2)
  A troll (shapeshifter) (Vaults:2)
  6 polar bears (Lair:6)
  A wind drake (shapeshifter) (D:15)
  3 tyrant leeches
  A hornet (shapeshifter) (Depths:1)
  27 jumping spiders
  8 trolls
  5 blink frogs
  13 hornets
  14 bog bodies
  A human simulacrum (Vaults:3)
  A dream sheep (Lair:6)
  A raiju (shapeshifter) (Vaults:3)
  A tarantella zombie (Spider:4)
  3 hippogriffs
  8 tarantellas
  3 spriggans
  A water elemental (Depths:4)
  49 redbacks
  11 yaks
  A wyvern (shapeshifter) (Vaults:1)
  2 wraiths (Vaults:4)
  7 wyverns
  3 hogs (D:15)
  9 vampire mosquitoes
  A neqoxec (Depths:1)
  5 wargs
  8 swamp worms
  3 acid dragons
  A naga (shapeshifter) (Depths:1)
  A soldier ant (D:13)
  4 water moccasins (Lair:6)
  2 porcupines (Lair:5)
  A floating eye (Depths:4)
  8 hell hounds (Lair:6)
  11 swamp drakes
  9 orc warriors
  2 necrophages
  9 black bears (Lair:6)
  An eye of draining (D:15)
  22 ogres
  6 boggarts
  8 wolves (Lair:6)
  9 centaurs
  2 crocodiles
  A big kobold (D:11)
  A bullfrog (D:8)
  2 scorpions
  17 killer bees
  An electric eel (Lair:4)
  A wight (D:12)
  A crimson imp (Depths:1)
  A hound (D:11)
  A jelly (D:9)
  A quasit (Depths:1)
  4 orc priests
  10 orc wizards
  2 iron imps (Depths:1)
  2 iguanas
  2 hell rats (Lair:6)
  A gnoll (D:9)
  2 shadow imps
  A white imp (Depths:1)
  2 ufetubi (Depths:1)
  An ooze (D:9)
  23 orcs
  4 kobolds (Depths:2)
  A quokka (D:12)
  8 fungi
  11 plants
849 creatures vanquished.

Vanquished Creatures (others)
  5 bone dragons
  2 profane servitors
  3 juggernaut zombies (Depths:3)
  2 caustic shrike zombies (Depths:3)
  5 ghouls
  3 vampire knights
  A centaur warrior (D:14)
  A spectral spriggan (Depths:3)
  A tengu warrior (Depths:3)
  6 skeletal warriors
  A golden dragon zombie (Depths:3)
  An entropy weaver zombie (Vaults:4)
  8 flayed ghosts
  2 spark wasp zombies
  8 phantasmal warriors
  3 wolf spider zombies
  A fire giant zombie (Depths:3)
  A spectral deep troll (Depths:3)
  17 ugly thing zombies
  2 ugly thing skeletons
  2 frost giant zombies
  2 stone giant zombies
  An elephant (Lair:4)
  A human skeleton (Vaults:2)
  A stone giant skeleton (Depths:3)
  A fire giant skeleton (Vaults:3)
  An emperor scorpion zombie (Spider:4)
  A swamp worm zombie (Swamp:4)
  11 redback zombies
  3 hydra zombies
  4 yaktaurs
  A jumping spider (Spider:4)
  2 harpy zombies (Vaults:4)
  A ghoul skeleton (Swamp:4)
  A demonic crawler zombie (Spider:1)
  2 deep troll zombies
  7 jumping spider zombies
  A bog body (Lair:4)
  2 ice dragon zombies (Depths:3)
  A tarantella zombie (Spider:1)
  2 alligator zombies
  An ettin zombie (Depths:3)
  12 flying skulls
  8 vampires
  4 wraiths
  4 black mamba zombies (Lair:6)
  7 elf zombies
  6 spriggan zombies
  6 two-headed ogre zombies
  4 elephant zombies
  5 spiny frog zombies
  6 hornet zombies
  2 blink frog zombies (Lair:6)
  A necrophage (Swamp:3)
  7 swamp dragon zombies
  3 centaurs
  3 vampire mosquito zombies (Swamp:2)
  12 yaktaur zombies
  A rime drake zombie (Lair:2)
  A hippogriff zombie (D:9)
  A cyclops zombie (Vaults:2)
  5 wyvern zombies
  A hell hound zombie (Lair:6)
  5 water moccasin zombies
  2 warg zombies (Lair:6)
  2 tengu zombies
  A polar bear zombie (Lair:6)
  A queen bee zombie (Lair:2)
  4 yak zombies
  A troll zombie (Orc:2)
  2 wights (Lair:2)
  A wolf zombie (Lair:6)
  4 bullfrog zombies
  10 centaur zombies
  A black bear zombie (Lair:6)
  A soldier ant zombie (D:13)
  An orc wizard (D:5)
  A basilisk zombie (Lair:2)
  6 human zombies
  3 bog body skeletons
  A worker ant (D:6)
  6 killer bee zombies (Lair:2)
  An acid dragon zombie (Vaults:1)
  A big kobold zombie (D:9)
  6 ogre zombies
  2 necrophage skeletons
  3 worker ant zombies
  A scorpion zombie (D:12)
  6 swamp drake zombies
  An iguana zombie (D:9)
  2 orcs (D:5)
  4 kobold zombies (D:9)
  A leopard gecko skeleton (D:8)
  7 orc zombies
  15 fungi
  45 plants
  2 snaplasher vines (Depths:1)
  5 spectral weapons
376 creatures vanquished.

Grand Total: 2150 creatures vanquished

Notes
Turn   | Place    | Note
-------+----------+-------------------------------------------
     0 | D:1      | vatarom the Gnoll Skald began the quest for the Orb.
     0 | D:1      | Reached XP level 1. HP: 20/20 MP: 6/6
   130 | D:1      | Reached XP level 2. HP: 16/26 MP: 1/7
   575 | D:1      | Reached skill level 5 in Spellcasting
   575 | D:1      | Reached XP level 3. HP: 29/31 MP: 7/9
   649 | D:1      | Reached skill level 1 in Invocations
   653 | D:1      | Learned a level 2 spell: Song of Slaying
   656 | D:1      | Learned a level 2 spell: Shroud of Golubria
   660 | D:1      | Learned a level 3 spell: Spectral Weapon
   664 | D:1      | Learned a level 3 spell: Regeneration
   886 | D:2      | Reached skill level 1 in Short Blades
   886 | D:2      | Reached skill level 1 in Long Blades
   886 | D:2      | Reached skill level 1 in Axes
   886 | D:2      | Reached skill level 1 in Maces & Flails
   886 | D:2      | Reached skill level 1 in Staves
   886 | D:2      | Reached skill level 1 in Slings
   886 | D:2      | Reached skill level 1 in Bows
   886 | D:2      | Reached skill level 1 in Crossbows
   886 | D:2      | Reached skill level 1 in Throwing
   886 | D:2      | Reached skill level 1 in Stealth
   886 | D:2      | Reached skill level 1 in Shields
   886 | D:2      | Reached skill level 1 in Unarmed Combat
   886 | D:2      | Reached skill level 1 in Evocations
   957 | D:2      | Reached XP level 4. HP: 38/38 MP: 7/11
  1350 | D:2      | Reached skill level 1 in Conjurations
  1350 | D:2      | Reached skill level 1 in Hexes
  1350 | D:2      | Reached skill level 1 in Summonings
  1350 | D:2      | Reached skill level 1 in Necromancy
  1350 | D:2      | Reached skill level 1 in Translocations
  1350 | D:2      | Reached skill level 1 in Transmutations
  1350 | D:2      | Reached skill level 1 in Fire Magic
  1350 | D:2      | Reached skill level 1 in Ice Magic
  1350 | D:2      | Reached skill level 1 in Air Magic
  1350 | D:2      | Reached skill level 1 in Earth Magic
  1350 | D:2      | Reached skill level 1 in Poison Magic
  1989 | D:3      | Reached XP level 5. HP: 40/43 MP: 12/12
  2465 | D:3      | Found a hide-covered altar of Uskayaw.
  2561 | D:4      | Found a sand-covered staircase.
  2563 | D:4      | Found a runed door.
  2563 | D:4      | Noticed Ghost6211's ghost (amateur SpEn)
  2577 | Ossuary  | Entered an ossuary
  3140 | D:4      | Reached XP level 6. HP: 46/50 MP: 13/13
  3396 | D:4      | Reached skill level 2 in Invocations
  3528 | D:4      | Noticed a phantom
  3550 | D:4      | Reached skill level 5 in Fighting
  3550 | D:4      | Reached skill level 5 in Polearms
  3550 | D:4      | Reached skill level 5 in Dodging
  3553 | D:4      | Killed a phantom
  3704 | D:4      | Found a hazy altar of Hepliaklqana.
  3719 | D:4      | Reached XP level 7. HP: 11/56 MP: 15/15
  3987 | D:4      | Found an ornate altar of the Wu Jian Council.
  4102 | D:4      | Found a deep blue altar of Sif Muna.
  4103 | D:4      | Found an ancient bone altar of Kikubaaqudgha.
  4104 | D:4      | Found a radiant altar of Vehumet.
  4110 | D:4      | Identified Vehumet's Disquisition on Attacks
  4311 | D:5      | Entered Level 5 of the Dungeon
  4546 | D:5      | Learned a level 1 spell: Magic Dart
  4670 | D:5      | Found a sparkling altar of Nemelex Xobeh.
  4710 | D:5      | Noticed Sigmund
  4718 | D:5      | Killed Sigmund
  5096 | D:5      | Reached skill level 3 in Invocations
  5283 | D:5      | Noticed Pikel
  5353 | D:5      | Killed Pikel
  5353 | D:5      | Reached XP level 8. HP: 30/64 MP: 15/17
  5907 | D:6      | Found a staircase to the Ecumenical Temple.
  5928 | Temple   | Entered the Ecumenical Temple
  6380 | D:6      | Found a runed door.
  6393 | D:6      | Reached skill level 4 in Invocations
  6445 | D:6      | Found a basalt altar of Yredelemnul.
  6479 | D:6      | Reached XP level 9. HP: 42/69 MP: 18/18
  6610 | D:6      | Became a worshipper of Yredelemnul the Dark
  6705 | D:6      | Noticed Duvessa
  6705 | D:6      | Noticed Dowan
  6720 | D:6      | Killed Duvessa
  6727 | D:6      | Killed Dowan
  7004 | D:6      | Found a stormy altar of Qazlal.
  7297 | D:6      | Noticed Menkaure
  7303 | D:6      | Killed Menkaure
  7463 | D:7      | Reached skill level 5 in Armour
  7662 | D:7      | Found Sezerroq's Antique Armour Shop.
  7909 | D:7      | Found a blossoming altar of Fedhas.
  7933 | D:7      | Found a stormy altar of Qazlal.
  7990 | D:7      | Reached * piety under Yredelemnul
  8011 | D:8      | Reached skill level 5 in Invocations
  8016 | D:8      | Noticed Joseph
  8034 | D:8      | Killed Joseph
  8034 | D:8      | Reached XP level 10. HP: 21/77 MP: 17/20
  8040 | D:8      | Noticed poirepourri's ghost (novice DDFi)
  8310 | D:8      | Found Qiublatt's General Store.
  8369 | D:8      | Found a glowing golden altar of the Shining One.
  8378 | D:8      | Found a basalt altar of Yredelemnul.
  8380 | D:8      | Noticed a profane servitor
  8404 | D:8      | Noticed a six-headed hydra
  8413 | D:8      | Your ally Joseph died
  8457 | D:8      | Found a transporter.
  8728 | D:8      | Upgraded the game from 0.22.0-49-gab54619 to
                  | 0.22.0-60-ga52c2fc
  8732 | D:8      | Found a transporter.
  8791 | D:8      | Noticed Harold
  8793 | D:8      | Noticed a two-headed ogre
  8800 | D:8      | Noticed an angel
  8955 | D:9      | Found an iron altar of Okawaru.
  9211 | D:9      | Reached skill level 5 in Short Blades
  9211 | D:9      | Reached skill level 5 in Long Blades
  9211 | D:9      | Reached skill level 5 in Axes
  9211 | D:9      | Reached skill level 5 in Maces & Flails
  9211 | D:9      | Reached skill level 5 in Staves
  9211 | D:9      | Reached skill level 5 in Slings
  9211 | D:9      | Reached skill level 5 in Bows
  9211 | D:9      | Reached skill level 5 in Crossbows
  9211 | D:9      | Reached skill level 5 in Throwing
  9211 | D:9      | Reached skill level 5 in Stealth
  9211 | D:9      | Reached skill level 5 in Shields
  9211 | D:9      | Reached skill level 5 in Unarmed Combat
  9211 | D:9      | Reached skill level 5 in Evocations
  9742 | D:9      | Reached ** piety under Yredelemnul
 10027 | D:9      | Found a roughly hewn altar of Beogh.
 10284 | D:7      | Bought a smoking chain mail for 190 gold pieces
 10294 | D:7      | Identified the +8 chain mail of the Grue {MR+ Dex-4 Slay+3}
                  | (You bought it in a shop on level 7 of the Dungeon)
 10294 | D:7      | Bought a warped ring mail for 180 gold pieces
 10304 | D:7      | Identified the +4 ring mail "Wicoleidgh" {rElec MR+} (You
                  | bought it in a shop on level 7 of the Dungeon)
 10446 | D:9      | Found an iron altar of Okawaru.
 10491 | D:9      | Found an opulent altar of Gozag.
 10614 | D:10     | Entered Level 10 of the Dungeon
 10614 | D:10     | Found a staircase to the Orcish Mines.
 10644 | D:10     | Killed an unseen horror
 10644 | D:10     | Reached skill level 6 in Invocations
 10760 | D:10     | Reached XP level 11. HP: 82/82 MP: 22/22
 11214 | D:10     | Paralysed by a hornet for 1 turns
 11797 | D:10     | Found a staircase to the Lair.
 11807 | D:10     | Reached *** piety under Yredelemnul
 11813 | Lair:1   | Entered Level 1 of the Lair of Beasts
 11850 | Lair:1   | Reached skill level 5 in Conjurations
 11850 | Lair:1   | Reached skill level 5 in Hexes
 11850 | Lair:1   | Reached skill level 5 in Summonings
 11850 | Lair:1   | Reached skill level 5 in Necromancy
 11850 | Lair:1   | Reached skill level 5 in Translocations
 11850 | Lair:1   | Reached skill level 5 in Transmutations
 11850 | Lair:1   | Reached skill level 5 in Fire Magic
 11850 | Lair:1   | Reached skill level 5 in Ice Magic
 11850 | Lair:1   | Reached skill level 5 in Air Magic
 11850 | Lair:1   | Reached skill level 5 in Earth Magic
 11850 | Lair:1   | Reached skill level 5 in Poison Magic
 11897 | Lair:1   | Received a gift from Yredelemnul (a wight)
 12503 | Lair:2   | Noticed a six-headed hydra
 12510 | Lair:2   | Killed a six-headed hydra
 12715 | Lair:2   | Noticed Sonja
 12732 | Lair:2   | Reached skill level 7 in Invocations
 12744 | Lair:2   | Killed Sonja
 12959 | Lair:2   | Got encrusted fire dragon scales
 13164 | Lair:2   | Received a gift from Yredelemnul (3 flying skulls)
 13323 | Lair:2   | Reached XP level 12. HP: 91/93 MP: 24/24
 13345 | Lair:2   | Received a gift from Yredelemnul (a wight)
 13361 | Lair:2   | Received a gift from Yredelemnul (a wraith)
 14111 | Lair:3   | Reached **** piety under Yredelemnul
 14292 | Lair:3   | Identified the +11 fire dragon scales of the Quahog {rF++
                  | rC- Dex+2} (You found it on level 2 of the Lair of Beasts)
 15360 | Lair:4   | Noticed Urug
 15375 | Lair:4   | Killed Urug
 15446 | Lair:4   | Reached skill level 8 in Invocations
 15632 | Lair:4   | Found a staircase to the Swamp.
 15803 | Lair:4   | Found a hole to the Spider Nest.
 16706 | Lair:5   | Noticed Nessos
 16720 | Lair:5   | Killed Nessos
 17291 | Lair:5   | Noticed a six-headed hydra
 17303 | Lair:5   | Killed a six-headed hydra
 17893 | Lair:6   | Entered Level 6 of the Lair of Beasts
 17938 | Lair:6   | Identified a scroll of acquirement
 17939 | Lair:6   | Got a warped fustibalus
 17940 | Lair:6   | Identified the +4 fustibalus "Emuti" {freeze, +Blink Dex+4}
                  | (You acquired it on level 6 of the Lair of Beasts)
 17963 | Lair:6   | Noticed a four-headed hydra
 17970 | Lair:6   | Killed a four-headed hydra
 17970 | Lair:6   | Reached XP level 13. HP: 98/101 MP: 26/26
 18788 | Lair:6   | Received a gift from Yredelemnul (a wraith)
 18932 | Lair:6   | Reached skill level 9 in Invocations
 19434 | Lair:6   | Received a gift from Yredelemnul (5 flying skulls)
 19811 | Lair:6   | Reached ***** piety under Yredelemnul
 19828 | Lair:6   | Reached skill level 10 in Spellcasting
 19842 | Lair:6   | Received a gift from Yredelemnul (a phantasmal warrior)
 19994 | Lair:6   | Reached XP level 14. HP: 103/109 MP: 28/28
 20370 | Lair:6   | Found a runed door.
 20371 | Lair:6   | Noticed an acid blob
 20375 | Lair:6   | Found a viscous altar of Jiyva.
 20375 | Lair:6   | Found a staircase to the Slime Pits.
 20390 | Lair:6   | Killed an acid blob
 20535 | Lair:6   | Found a runed door.
 20535 | Lair:6   | Noticed bloodycherry's ghost (journeyman DDFi)
 20553 | Lair:6   | Killed bloodycherry's ghost
 21446 | D:11     | Received a gift from Yredelemnul (a phantasmal warrior)
 21457 | D:11     | Reached skill level 10 in Fighting
 21457 | D:11     | Reached skill level 10 in Polearms
 21457 | D:11     | Reached skill level 10 in Dodging
 21906 | D:11     | Learned a level 3 spell: Confuse
 22308 | D:12     | Found Asiasch's Gadget Emporium.
 23750 | D:13     | Received a gift from Yredelemnul (5 flying skulls)
 23777 | D:13     | Reached skill level 10 in Invocations
 24935 | D:14     | Received a gift from Yredelemnul (a phantasmal warrior)
 25084 | D:14     | Found a gate to the Vaults.
 25220 | D:14     | Reached XP level 15. HP: 62/117 MP: 26/29
 25537 | D:14     | Found Meihaelad's Jewellery Shop.
 25541 | D:14     | Bought the ring "Suworeh" {MR+++ Dex+5 Slay+3} for 936 gold
                  | pieces
 25774 | D:14     | Received a gift from Yredelemnul (a flayed ghost)
 25779 | D:14     | Reached skill level 10 in Armour
 26136 | D:15     | Entered Level 15 of the Dungeon
 26360 | D:15     | Received a gift from Yredelemnul (a wraith)
 26685 | D:15     | Found Woutel's Magic Scroll Emporium.
 26724 | D:15     | Received a gift from Yredelemnul (a wraith)
 26746 | D:15     | Noticed Kirke
 26769 | D:15     | Killed Kirke
 26807 | D:15     | Reached skill level 10 in Charms
 26960 | D:15     | Found a staircase to the Depths.
 26973 | D:15     | Reached ****** piety under Yredelemnul
 27313 | Orc:1    | Entered Level 1 of the Orcish Mines
 27321 | Orc:1    | Received a gift from Yredelemnul (a vampire knight)
 27536 | Orc:2    | Entered Level 2 of the Orcish Mines
 27624 | Orc:2    | Found a staircase to the Elven Halls.
 27643 | Orc:2    | Reached skill level 10 in Short Blades
 27643 | Orc:2    | Reached skill level 10 in Long Blades
 27643 | Orc:2    | Reached skill level 10 in Axes
 27643 | Orc:2    | Reached skill level 10 in Maces & Flails
 27643 | Orc:2    | Reached skill level 10 in Staves
 27643 | Orc:2    | Reached skill level 10 in Slings
 27643 | Orc:2    | Reached skill level 10 in Bows
 27643 | Orc:2    | Reached skill level 10 in Crossbows
 27643 | Orc:2    | Reached skill level 10 in Throwing
 27643 | Orc:2    | Reached skill level 10 in Stealth
 27643 | Orc:2    | Reached skill level 10 in Shields
 27643 | Orc:2    | Reached skill level 10 in Unarmed Combat
 27643 | Orc:2    | Reached skill level 10 in Evocations
 27650 | Orc:2    | Found a roughly hewn altar of Beogh.
 27659 | Orc:2    | Learned a level 3 spell: Tukima's Dance
 27828 | Orc:2    | Found Idikhlass's Magic Scroll Shoppe.
 27838 | Orc:2    | Found Haneskon's Antique Weapon Boutique.
 27871 | Orc:2    | Found Diumm's Weapon Emporium.
 27872 | Orc:2    | Found Ingioc's Book Shoppe.
 27873 | Orc:2    | Noticed Rupert
 27885 | Orc:2    | Killed Rupert
 27885 | Orc:2    | Reached skill level 11 in Invocations
 27972 | Orc:2    | Found a frozen archway.
 27975 | Orc:2    | Received a gift from Yredelemnul (a vampire)
 27989 | IceCv    | Entered an ice cave
 28486 | Orc:2    | Found a bloodstained altar of Trog.
 29005 | Spider:1 | Entered Level 1 of the Spider Nest
 29247 | Spider:1 | Received a gift from Yredelemnul (a vampire knight)
 29623 | Spider:1 | Reached XP level 16. HP: 123/125 MP: 31/31
 30294 | Spider:2 | Received a gift from Yredelemnul (a bone dragon)
 31715 | Spider:3 | Received a gift from Yredelemnul (a ghoul)
 31769 | Spider:3 | Received a gift from Yredelemnul (a flayed ghost)
 31784 | Spider:3 | Received a gift from Yredelemnul (a phantasmal warrior)
 32326 | Spider:4 | Entered Level 4 of the Spider Nest
 32336 | Spider:4 | Received a gift from Yredelemnul (a bone dragon)
 32498 | Spider:4 | Received a gift from Yredelemnul (a vampire)
 32782 | Spider:4 | Received a gift from Yredelemnul (a vampire)
 32973 | Spider:4 | Received a gift from Yredelemnul (a skeletal warrior)
 33121 | Spider:4 | Got a gossamer rune of Zot
 33179 | Spider:4 | Received a gift from Yredelemnul (a vampire)
 33815 | Swamp:1  | Entered Level 1 of the Swamp
 35059 | Swamp:2  | Received a gift from Yredelemnul (a skeletal warrior)
 35143 | Swamp:2  | Reached XP level 17. HP: 77/133 MP: 30/33
 35380 | Swamp:2  | Reached skill level 12 in Invocations
 35695 | Swamp:2  | Received a gift from Yredelemnul (a ghoul)
 36630 | Swamp:3  | Received a gift from Yredelemnul (a ghoul)
 37128 | Swamp:3  | Got a pitted scale mail
 37169 | Swamp:3  | Noticed a tentacled monstrosity
 37178 | Swamp:3  | Killed a tentacled monstrosity
 37868 | Swamp:4  | Entered Level 4 of the Swamp
 37908 | Swamp:4  | Identified the +5 scale mail of Mezcal {+Fly rF+ Str+3
                  | Dex-2} (You found it on level 3 of the Swamp)
 37911 | Swamp:4  | Gained mutation: Your magical capacity is low. (-10% MP)
                  | [potion of mutation]
 37911 | Swamp:4  | Gained mutation: You are partially covered in icy blue
                  | scales. (AC +2) [potion of mutation]
 38514 | Swamp:4  | Received a gift from Yredelemnul (a bone dragon)
 38567 | Swamp:4  | Gained mutation: Scrolls take you a little longer to read.
                  | [mutagenic glow]
 38592 | Swamp:4  | Gained mutation: You are frail. (-10% HP) [mutagenic glow]
 38619 | Swamp:4  | Gained mutation: You are weak. (Str -2) [mutagenic glow]
 38636 | Swamp:4  | Learned a level 5 spell: Summon Mana Viper
 38699 | Swamp:4  | Received a gift from Yredelemnul (a flayed ghost)
 39108 | Swamp:4  | Got a decaying rune of Zot
 39842 | Vaults:1 | Entered Level 1 of the Vaults
 40208 | D:7      | Bought the +2 hat of the Bear Spirit {Spirit, +Rage rN+
                  | MR++} for 782 gold pieces
 40208 | D:7      | Found the +2 hat of the Bear Spirit {Spirit, +Rage rN+
                  | MR++}
 40520 | Vaults:1 | Received a gift from Yredelemnul (a profane servitor)
 40562 | Vaults:1 | Reached skill level 10 in Conjurations
 40562 | Vaults:1 | Reached skill level 10 in Hexes
 40562 | Vaults:1 | Reached skill level 10 in Summonings
 40562 | Vaults:1 | Reached skill level 10 in Necromancy
 40562 | Vaults:1 | Reached skill level 10 in Translocations
 40562 | Vaults:1 | Reached skill level 10 in Transmutations
 40562 | Vaults:1 | Reached skill level 10 in Fire Magic
 40562 | Vaults:1 | Reached skill level 10 in Ice Magic
 40562 | Vaults:1 | Reached skill level 10 in Air Magic
 40562 | Vaults:1 | Reached skill level 10 in Earth Magic
 40562 | Vaults:1 | Reached skill level 10 in Poison Magic
 40800 | Vaults:1 | Received a gift from Yredelemnul (a flayed ghost)
 40889 | Vaults:1 | Reached XP level 18. HP: 109/126 MP: 31/31
 41035 | Vaults:1 | Received a gift from Yredelemnul (a vampire)
 41769 | Vaults:2 | Received a gift from Yredelemnul (a bone dragon)
 41866 | Vaults:2 | Found a magical portal.
 41875 | WizLab   | Entered Cigotuvi's Fleshworks
 42433 | Vaults:2 | Received a gift from Yredelemnul (a profane servitor)
 42503 | Vaults:2 | Received a gift from Yredelemnul (a phantasmal warrior)
 42527 | Vaults:2 | Reached skill level 13 in Invocations
 42772 | Vaults:2 | Received a gift from Yredelemnul (a flayed ghost)
 42895 | Vaults:2 | Found a staircase to the Crypt.
 42895 | Vaults:2 | Found an ancient bone altar of Kikubaaqudgha.
 42896 | Vaults:2 | Found a basalt altar of Yredelemnul.
 43630 | Vaults:3 | Cast into level 3 of the Abyss (vault warden)
 43774 | Vaults:3 | Escaped the Abyss
 44274 | Vaults:3 | Received a gift from Yredelemnul (a ghoul)
 44311 | Vaults:3 | Learned a level 5 spell: Summon Forest
 44586 | Vaults:3 | Received a gift from Yredelemnul (a bone dragon)
 44677 | Vaults:3 | Reached XP level 19. HP: 130/134 MP: 30/32
 45497 | Vaults:3 | Received a gift from Yredelemnul (a flayed ghost)
 45793 | Vaults:4 | Noticed Margery
 45803 | Vaults:4 | Received a gift from Yredelemnul (a flayed ghost)
 45820 | Vaults:4 | Killed Margery
 45914 | Vaults:4 | Lost mutation: Your magical capacity is low. (-10% MP)
                  | [potion of mutation]
 45914 | Vaults:4 | Lost mutation: You are frail. (-10% HP) [potion of
                  | mutation]
 45914 | Vaults:4 | Gained mutation: You are surrounded by a mild repulsion
                  | field. (EV +2) [potion of mutation]
 45914 | Vaults:4 | Lost mutation: You are weak. (Str -2) [potion of mutation]
 46227 | Vaults:4 | Received a gift from Yredelemnul (a phantasmal warrior)
 46993 | Vaults:4 | Received a gift from Yredelemnul (a ghoul)
 48024 | Depths:1 | Entered Level 1 of the Depths
 48027 | Depths:1 | Noticed Asterion
 48183 | Depths:1 | Killed Asterion
 48187 | Depths:1 | Received a gift from Yredelemnul (a vampire)
 48313 | Depths:1 | Found Suofonu's Book Shoppe.
 48346 | Depths:1 | Reached XP level 20. HP: 141/157 MP: 18/37
 48364 | Depths:1 | Reached skill level 14 in Invocations
 48543 | Depths:1 | Got a steaming steel ring
 48582 | Depths:1 | Found a gateway to Hell.
 48825 | Depths:1 | Found a one-way gate leading to the halls of Pandemonium.
 49279 | Depths:2 | Found a runed gate.
 49279 | Depths:2 | Found a runed gate.
 49280 | Depths:2 | Found a runed gate.
 49288 | Depths:2 | Found a gateway to a ziggurat.
 49513 | Depths:2 | Received a gift from Yredelemnul (a vampire)
 49795 | Depths:2 | Received a gift from Yredelemnul (a skeletal warrior)
 50034 | Depths:2 | Received a gift from Yredelemnul (a phantasmal warrior)
 50347 | Depths:2 | Found a corrupted altar of Lugonu.
 50364 | Depths:2 | Found a one-way gate to the infinite horrors of the Abyss.
 50524 | Depths:2 | Received a gift from Yredelemnul (a phantasmal warrior)
 50549 | Depths:2 | Identified the cursed ring of Disaster {rElec Str-3} (You
                  | took it off a centaur warrior on level 1 of the Depths)
 50880 | Depths:2 | Found a viscous altar of Jiyva.
 50880 | Depths:2 | Noticed Zgarb's ghost (veteran HuSk)
 51251 | Depths:3 | Noticed a juggernaut
 51275 | Depths:3 | Killed a juggernaut
 51549 | Depths:3 | Noticed a juggernaut
 51576 | Depths:3 | Killed a juggernaut
 51887 | Depths:3 | Noticed a golden dragon
 51897 | Depths:3 | Killed a golden dragon
 51898 | Depths:3 | Received a gift from Yredelemnul (a vampire knight)
 52257 | Depths:3 | Identified the Reference Book on Creative Conjuration
 52266 | Depths:3 | Learned a level 6 spell: Freezing Cloud
 52286 | Depths:3 | Identified the Catalogue of Dislocation and the Birds
 52352 | Depths:3 | Found a runed door.
 52371 | Depths:3 | Found a runed door.
 52513 | Depths:3 | Received a gift from Yredelemnul (a skeletal warrior)
 52632 | Depths:3 | Noticed a caustic shrike
 52649 | Depths:3 | Reached XP level 21. HP: 143/165 MP: 23/39
 53019 | Depths:3 | Received a gift from Yredelemnul (a skeletal warrior)
 53193 | Depths:3 | Noticed a caustic shrike
 53204 | Depths:3 | Killed a caustic shrike
 53310 | Depths:3 | Found a runed door.
 53315 | Depths:3 | Found a runed door.
 53469 | Depths:3 | Noticed a golden dragon
 53515 | Depths:3 | Killed a golden dragon
 54039 | Depths:3 | Received a gift from Yredelemnul (a flayed ghost)
 54039 | Depths:3 | Killed a caustic shrike
 54498 | Depths:3 | Paralysed by a floating eye for 3 turns
 54722 | Depths:3 | Noticed a golden dragon
 54723 | Depths:3 | Noticed a juggernaut
 54757 | Depths:3 | Killed a juggernaut
 54769 | Depths:3 | Killed a golden dragon
 54844 | Depths:3 | Received a gift from Yredelemnul (a bone dragon)
 55309 | Depths:3 | Reached skill level 15 in Invocations
 55590 | Depths:3 | Found a runed door.
 55671 | Depths:3 | Got a pitted pewter ring
 55674 | Depths:3 | Identified the ring of Igraupip {Wiz *Corrode rPois rN+
                  | Dex+4} (You found it on level 3 of the Depths)
 55677 | Depths:3 | Identified the Incunabulum of Flamy Flight
 55770 | Depths:3 | Received a gift from Yredelemnul (a skeletal warrior)
 56071 | Depths:3 | Found a runed door.
 56090 | Depths:3 | Got a sparkling bone amulet
 56093 | Depths:3 | Identified the amulet "Ytwumnos" {Inacc +Inv MP+9 Str+6
                  | Int-5} (You found it on level 3 of the Depths)
 56754 | Depths:4 | Received a gift from Yredelemnul (a vampire)
 56849 | Depths:4 | Noticed a golden dragon
 56853 | Depths:4 | Paralysed by a floating eye for 3 turns
 56859 | Depths:4 | Paralysed by a floating eye for 3 turns
 56879 | Depths:4 | HP: 8/166 [spark wasp (11)]
 56879 | Depths:4 | Slain by a spark wasp

Skill      XL: |  1  2  3  4  5  6  7  8  9 10 11 12 13 14 15 16 17 18 19 20 21 |
---------------+----------------------------------------------------------------+-----
Spellcasting   | 5 6 7 8 9 10 11 12 13 14 | 14.7
Invocations    | 1 2 3 4 5 6 7 8 9 10 11 12 13 14 15 | 15.1
Short Blades   | 1 2 3 4 5 6 7 8 9 10 11 12 13 14 | 14.0
Long Blades    | 1 2 3 4 5 6 7 8 9 10 11 12 13 14 | 14.0
Axes           | 1 2 3 4 5 6 7 8 9 10 11 12 13 14 | 14.0
Maces & Flails | 1 2 3 4 5 6 7 8 9 10 11 12 13 14 | 14.0
Staves         | 1 2 3 4 5 6 7 8 9 10 11 12 13 14 | 14.0
Slings         | 1 2 3 4 5 6 7 8 9 10 11 12 13 14 | 14.0
Bows           | 1 2 3 4 5 6 7 8 9 10 11 12 13 14 | 14.0
Crossbows      | 1 2 3 4 5 6 7 8 9 10 11 12 13 14 | 14.0
Throwing       | 1 2 3 4 5 6 7 8 9 10 11 12 13 14 | 14.0
Stealth        | 1 2 3 4 5 6 7 8 9 10 11 12 13 14 | 14.0
Shields        | 1 2 3 4 5 6 7 8 9 10 11 12 13 14 | 14.0
Unarmed Combat | 1 2 3 4 5 6 7 8 9 10 11 12 13 14 | 14.0
Evocations     | 1 2 3 4 5 6 7 8 9 10 11 12 13 14 | 14.0
Conjurations   | 1 2 3 4 5 6 7 8 9 10 11 12 | 12.1
Hexes          | 1 2 3 4 5 6 7 8 9 10 11 12 | 12.1
Summonings     | 1 2 3 4 5 6 7 8 9 10 11 12 | 12.1
Necromancy     | 1 2 3 4 5 6 7 8 9 10 11 12 | 12.1
Translocations | 1 2 3 4 5 6 7 8 9 10 11 12 | 12.1
Transmutations | 1 2 3 4 5 6 7 8 9 10 11 12 | 12.1
Fire Magic     | 1 2 3 4 5 6 7 8 9 10 11 12 | 12.1
Ice Magic      | 1 2 3 4 5 6 7 8 9 10 11 12 | 12.1
Air Magic      | 1 2 3 4 5 6 7 8 9 10 11 12 | 12.1
Earth Magic    | 1 2 3 4 5 6 7 8 9 10 11 12 | 12.1
Poison Magic   | 1 2 3 4 5 6 7 8 9 10 11 12 | 12.1
Armour         | 3 4 5 6 7 8 9 10 11 12 13 14 | 14.2
Fighting       | 5 6 7 8 9 10 11 12 13 14 | 14.6
Polearms       | 5 6 7 8 9 10 11 12 13 14 | 14.6
Dodging        | 5 6 7 8 9 10 11 12 13 14 | 14.6
Charms         | 6 7 8 9 10 11 12 13 | 13.1

Action                   |  1- 3 |  4- 6 |  7- 9 | 10-12 | 13-15 | 16-18 | 19-21 || total
-------------------------+-------+-------+-------+-------+-------+-------+-------++-------
Melee: Spear             |    88 |    64 |       |       |       |       |       ||   152
       Bite              |     2 |    14 |    46 |    96 |   212 |   217 |   245 ||   832
       Trident           |       |   136 |   335 |   740 |  1029 |   403 |       ||  2643
       Punch             |       |     2 |     1 |     7 |       |    21 |    31 ||    62
       Double sword      |       |       |       |    86 |   245 |   177 |   156 ||   664
       Halberd           |       |       |       |       |       |   760 |   932 ||  1692
       Bardiche          |       |       |       |       |       |       |   201 ||   201
 Fire: Blowgun           |       |       |       |       |     3 |       |       ||     3
Throw: Javelin           |       |       |       |     6 |     2 |       |       ||     8
 Cast: Infusion          |     4 |     2 |       |       |     1 |       |     1 ||     8
       Spectral Weapon   |     2 |     7 |       |       |    15 |    10 |     1 ||    35
       Tukima's Dance    |       |       |       |       |       |     3 |       ||     3
       Confuse           |       |       |       |       |       |     1 |     1 ||     2
       Summon Mana Viper |       |       |       |       |       |     3 |     8 ||    11
       Summon Forest     |       |       |       |       |       |     2 |     5 ||     7
       Regeneration      |       |       |       |       |       |     1 |     1 ||     2
       Magic Dart        |       |       |       |       |       |       |     1 ||     1
Invok: Animate Remains   |       |       |     2 |    19 |       |       |       ||    21
       Injury Mirror     |       |       |       |     5 |       |       |     1 ||     6
       Recall Undead Sla |       |       |       |     9 |    23 |    22 |    19 ||    73
       Animate Dead      |       |       |       |    31 |    84 |   115 |    71 ||   301
       Drain Life        |       |       |       |       |     6 |    10 |    16 ||    32
       Enslave Soul      |       |       |       |       |     1 |       |     4 ||     5
       Stop Recall       |       |       |       |       |       |       |     1 ||     1
 Abil: Evoke Berserk Rag |       |       |       |       |       |       |     1 ||     1
Evoke: Wand              |       |       |       |     3 |     4 |       |     1 ||     8
       Sack of spiders   |       |       |       |       |       |       |     1 ||     1
  Use: Scroll            |       |     8 |     8 |    11 |     9 |    13 |    17 ||    66
       Potion            |       |     6 |     8 |     5 |     3 |     1 |     8 ||    31
 Stab: Sleeping          |       |     2 |    12 |     4 |    16 |    23 |    26 ||    83
       Invisible         |       |       |     3 |       |       |       |       ||     3
       Distracted        |       |       |     1 |     8 |    25 |    50 |    26 ||   110
       Betrayed ally     |       |       |       |     1 |       |       |       ||     1
       Paralysed         |       |       |       |       |     2 |     4 |       ||     6
       Confused          |       |       |       |       |       |       |     1 ||     1
  Eat: Chunk             |       |     6 |     4 |    23 |    28 |     8 |    17 ||    86
       Ration            |       |     1 |     3 |     8 |    12 |    24 |    16 ||    64
Armor: Leather armour    |    13 |    33 |    33 |    29 |       |       |       ||   108
       Chain mail        |       |       |       |   243 |       |       |       ||   243
       Fire dragon scale |       |       |       |    78 |   377 |   449 |   431 ||  1335
Dodge: Dodged            |    40 |   108 |   182 |   346 |   483 |   772 |   860 ||  2791
Block: Other             |       |       |    10 |    72 |       |   176 |   211 ||   469
       Reflection        |       |       |     1 |    14 |    26 |    23 |    17 ||    81
       Buckler           |       |       |       |   253 |   679 |   269 |       ||  1201
       Rpst.: Double sword |       |       |       |     9 |    41 |    18 |    25 ||    93
